 Dungeon Crawl Stone Soup version 0.31-a0-819-gf6de2f5ab6 (webtiles) character file.

Game seed: 12677033599084720711

52 Shayle the Vexing (level 3, -3/54 HPs)
             Began as an Ogre Hexslinger on Sept 23, 2023.
             Slain by a worm (7 damage)
             ... on level 3 of the Dungeon.
             The game lasted 00:02:15 (1685 turns).

Shayle the Vexing (Ogre Hexslinger)                 Turns: 1685, Time: 00:02:16

Health: -3/54      AC:  3    Str: 12    XL:     3   Next: 85%
Magic:  6/6        EV: 10    Int: 16    God:
Gold:   126        SH:  0    Dex: 11    Spells: 6/6 levels left

rFire   . . .        a - +1 sling
rCold   . . .        (no shield)
rNeg    . . .        c - +0 robe
rPois   .            (helmet restricted)
rElec   .            (no cloak)
rCorr   +            (gloves unavailable)
SInv    .            (boots unavailable)
Will    .....        (no amulet) Stlth
                     k - ring of resist corrosion
HPRegen 0.29/turn    (no ring)
MPRegen 0.10/turn

%: no passive effects
@: berserking, lethally poisoned (-3 -> -7), hasted, very quick
A: large, unfitting armour, tough skin 1
a: no special abilities


You were on level 3 of the Dungeon.
You visited 1 branch of the dungeon, and saw 3 of its levels.

You collected 126 gold pieces.

Inventory:

Hand Weapons
 a - a +1 sling (weapon)
Missiles
 h - 6 atropa-tipped darts
Armour
 c - a +0 robe (worn)
Jewellery
 k - a ring of resist corrosion (left hand)
 o - a +6 ring of intelligence
Scrolls
 b - a scroll of poison
 e - a scroll of noise {unknown}
 f - 3 scrolls of identify {unknown}
 g - 2 scrolls of blinking {unknown}
 l - a scroll of fear {unknown}
 m - a scroll of amnesia {unknown}
 p - a scroll of fog {unknown}
Potions
 d - a potion of cancellation {unknown}
 i - a potion of lignification {unknown}
 q - a potion of attraction {unknown}


   Skills:
 + Level 2.5 Fighting
 - Level 1.3 Ranged Weapons
 + Level 2.3 Dodging
 + Level 2.2 Spellcasting
 - Level 2.6 Hexes
 - Level 0.8 Fire Magic
 + Level 1.6 Invocations


You had 6 spell levels left.
You didn't know any spells.
Your spell library contained the following spells:

 Spells                   Type           Power      Damage    Failure   Level
 Jinxbite                 Hex            20%        N/A       11%         2
 Sigil of Binding         Hex            10%        N/A       21%         3
 Poisonous Vapours        Pois/Air       2%         N/A       30%         2
 Inner Flame              Hex/Fire       7%         N/A       30%         3
 Mephitic Cloud           Conj/Pois/Air  1%         N/A       52%         3
 Cause Fear               Hex            5%         N/A       56%         4
 Dimensional Bullseye     Hex/Tloc       3%         N/A       75%         4
 Freezing Cloud           Conj/Ice/Air   0%         6-21      99%         5


Dungeon Overview and Level Annotations

Branches:
Dungeon (3/15)

Altars:
Ashenzari


Innate Abilities, Weirdness & Mutations

You are too large for most types of armour.
You have tough skin. (AC +1)


Message History

You feel sick. The adder barely misses you. The adder bites you.
You shoot a sling bullet. The sling bullet misses the adder.
The sling bullet hits the worm but does no damage.
You feel sick. The adder bites you but does no damage. The adder bites you.
You shoot a sling bullet. The sling bullet misses the adder.
The sling bullet hits the worm.
The worm is moderately wounded.
You feel sick. The adder bites you.
You are more poisoned.
The adder poisons you!
You shoot a sling bullet.
The sling bullet barely misses the adder.
The sling bullet barely misses the worm.
You feel sick. The adder bites you.
You are more poisoned.
The adder poisons you! The adder bites you.
You are more poisoned.
The adder poisons you!
You shoot a sling bullet. The sling bullet hits the adder.
The adder is severely wounded.
You feel very sick. The adder bites you but does no damage.
You shoot a sling bullet. The sling bullet hits the worm.
The worm is moderately wounded.
* * * LOW HITPOINT WARNING * * *
You feel very sick.
You shoot a sling bullet. The sling bullet hits the worm.
The worm is severely wounded.
* * * LOW HITPOINT WARNING * * *
You feel very sick. The worm bites you.
* * * LOW HITPOINT WARNING * * *
Unknown command.
It was a potion of haste.
You feel yourself speed up.
* * * LOW HITPOINT WARNING * * *
You feel sick.
It was a potion of berserk rage.
A red film seems to cover your vision as you go berserk!
You feel yourself moving faster!
You feel mighty! The worm bites you!
You die...

... #.# <.. ..#
###.# #.# ..)...#..
....#.###.#
#.......# #S# #w#
#@# ###'### #.....#
#.....#
##########.....#
#.##..†....####'###
#..........# #.#
........<...####.#
..........#......#


You could see a worm and an adder.

Vanquished Creatures
  2 adders (D:2)
  A dart slug (D:2)
  An endoplasm (D:1)
  6 goblins
  3 hobgoblins
  2 quokkas (D:1)
  2 ball pythons
  6 bats
  3 frilled lizards
  4 kobolds
  2 rats
32 creatures vanquished.

Notes
Turn   | Place    | Note
-------+----------+-------------------------------------------
     0 | D:1      | Shayle the Ogre Hexslinger began the quest for the Orb.
     0 | D:1      | Reached XP level 1. HP: 19/19 MP: 2/2
   316 | D:1      | Reached XP level 2. HP: 28/28 MP: 4/4
   595 | D:1      | Reached skill level 1 in Invocations
   894 | D:2      | Found a broken altar of Ashenzari.
  1144 | D:2      | Reached XP level 3. HP: 31/35 MP: 5/5
  1685 | D:3      | Slain by a worm

Illustrated notes

Levels and vault maps discovered:
D:1:      mrwooster_arrival_statue_3, layout_basic,
          wander_ebering_terrifying_dragon_lair
D:2:      layout_basic, basic_altar
D:3:      layout_basic, mainiacjoe_overflow_chevrons

Skill      XL: |  1  2  3 |
---------------+----------+-----
Dodging        | 2 |  2.3
Fighting       | 2 |  2.5
Invocations    | 1 |  1.6
Spellcasting   | 2 |  2.2
Ranged Weapons | |  1.3
Hexes          | |  2.6
Fire Magic     | |  0.8

Action                     || total
---------------------------++-------
   Fire: Sling             ||   173
    Use: Potion            ||     2
 Armour: Robe              ||    91
  Dodge: Dodged            ||    62

Table legend: (Time is in decaauts)
 A = Elapsed time spent in this place.
 B = Non-inter-level travel time spent in this place.
 C = Inter-level travel time spent in this place.
 D = Time resting spent in this place.
 E = Time spent auto-exploring this place.
 F = Levels seen in this place.
 G = Mean time per level.
                   A        B        C        D        E       F      G
               +--------+--------+--------+--------+--------+-----+--------+
         Total |   1743 |   1717 |     26 |     42 |   1320 |   3 |  581.0 |
       Dungeon |   1743 |   1717 |     26 |     42 |   1320 |   3 |  581.0 |
               +--------+--------+--------+--------+--------+-----+--------+

Top non-repeatable levels by time:
     D:1: 894 daAuts
     D:2: 794 daAuts
     D:3: 54 daAuts
